Garanid, neutral male human Priest ---- --- ...-- |..- --- ---...---...--. --- ---..............---------.----- |...........................<..| |...............@.----------...- --...........hd)..--.-- |....| ---..................| ---..- |.................-- ... |...............--- --..- ---.............| .. |.............| .-- -...---.......| -- .... ---.|..-- ..... ------ -...>. ..... --.-- -- Garanid the Acolyte Experience level: 4 Strength: 14 Dexterity: 8 Constitution: 17 Intelligence: 10 Wisdom: 17 Charisma: 12 Health: 0(38) Energy: 40(50) Def: 6 Gold: 547 Moves: 1463 Dungeon seed: Y9jQBnWzwjMqfsua Game ID: Garanid_1614040091 Your Inventory: Coins $ - 547 gold pieces Weapons a - a blessed +1 mace (weapon in hand) s - a +0 sling u - a +0 crossbow v - 4 blessed +1 crossbow bolts Armor e - a +0 robe n - a +0 small shield (being worn) q - a blessed +0 helm of brilliance (being worn) r - a blessed +3 orcish helm y - a blessed +0 dwarvish cloak (being worn) z - a +0 scale mail (being worn) N - a +0 orcish helm Comestibles c - a clove of garlic d - 2 sprigs of wolfsbane t - 2 pancakes Scrolls p - a scroll of identify Spellbooks f - a spellbook of healing g - a spellbook of create monster Potions b - 4 potions of holy water m - a potion of sickness Tools w - a tallow candle (0:200) Spells and supernatural/magical abilities: Name Level Category Fail Memory h - healing 1 healing 61% 93% O - create monster 2 clerical 78% 93% W - pray for help -- divine ? -- X - turn undead -- divine ? -- Your skills at the end: Fighting Skills Weapon Skills mace [Basic] Spellcasting Skills clerical spells [Basic] Final Attributes: You were piously aligned. You are dead. Vanquished creatures: a gnome king a shrieker 2 gnome lords a homunculus an iguana an acid blob a hobbit 2 yellow molds a red mold 6 gnomes a gnome zombie a gecko 7 jackals 3 goblins 6 grid bugs a lichen 4 kobold zombies 5 newts 45 creatures vanquished. Voluntary challenges: You used a wielded weapon 41 times, starting on turn 5. You read items or engraved 3 times, starting on turn 1421. You never genocided any monsters. You never polymorphed an object. You never changed form. You used no wishes. You never split a pudding. You never wrote Elbereth's name. You never violated your personal moral code. Dungeon overview: The Dungeons of Doom: levels 1 to 4 Level 1 a long staircase Level 2 a potion shop Level 3 a fountain Level 4 a fountain stairs to The Gnomish Mines The Gnomish Mines: Level 5 <- You were here stairs to The Dungeons of Doom History has recorded: On T:1 you entered the Dungeons of Doom to retrieve the Amulet of Yendor! On T:232 you reached level 2 of The Dungeons of Doom. On T:279 you advanced to experience level 2. On T:563 you reached level 3 of The Dungeons of Doom. On T:834 you advanced to experience level 3. On T:923 you reached level 4 of The Dungeons of Doom. On T:1403 you reached level 1 of The Gnomish Mines. On T:1435 you advanced to experience level 4. Score breakdown: Gold: 547 ( 9316 points) Experience: 4 levels ( 9649 points) Exploration: 5 levels ( 10.00%) ( 8571 points) Discoveries: 2 items ( 0.67%) ( 2461 points) Valuables value: (no points given unless you survive) Artifact value: 0 ( 0 points) Variety of kills: 18 monsters ( 4.72%) ( 6520 points) Turncount: 1463 turns ( 0 points) Survival: died (score multiplied by 80%) Total score: 29213 Latest messages: You are still in a pit. The dwarf picks up 5 cursed darts. You stop running. You miss the dwarf. (2x) The dwarf wields a broad pick! You miss the dwarf. The little dog misses the dwarf. You miss the dwarf. The little dog misses the dwarf. The dwarf swings her broad pick. The dwarf hits! You feel better. The little dog bites the dwarf. (2x) The dwarf swings her broad pick at the little dog. The dwarf misses the little dog. You miss the dwarf. The little dog misses the dwarf. The dwarf swings her broad pick. The dwarf hits! You die... Final status: Goodbye Garanid the Priest, killed by a dwarf... You died in The Gnomish Mines on dungeon level 5 with 29213 points, and 547 pieces of gold, after 1463 moves. You were level 4 with a maximum of 38 hit points when you died.